 Dungeon Crawl Stone Soup version 0.31-a0-803-g95b03c3367 (webtiles) character file.

Game seed: 2023454742179098231

2603 arthad the Fighter (level 9, -3/153 HPs)
             Began as an Ogre Berserker on Sept 20, 2023.
             Was a Believer of Trog.
             Succumbed to a killer bee's poison
             ... on level 8 of the Dungeon.
             The game lasted 00:11:05 (8322 turns).

arthad the Fighter (Ogre Berserker)                 Turns: 8322, Time: 00:11:06

Health: -3/153     AC:  3    Str: 27    XL:     9   Next: 59%
Magic:  9/9        EV: 10    Int:  8    God:    Trog [**....]
Gold:   869        SH:  5    Dex:  8    Spells: 8/8 levels left

rFire   . . .        a - +0 hand axe
rCold   . . .        (no shield)
rNeg    . . .        b - +0 animal skin
rPois   .            (helmet restricted)
rElec   .            C - scarf {+Inv}
rCorr   .            (gloves unavailable)
SInv    .            (boots unavailable)
Will    ++...        p - amulet of reflection Stlth
                     (no ring)
HPRegen 1.45/turn    (no ring)
MPRegen 0.11/turn

%: reflection
@: berserking, lethally poisoned (-3 -> -27), strong-willed, regenerating, very
quick
A: large, unfitting armour, tough skin 1, hooves 1, horns 1
a: Renounce Religion, Evoke Invisibility, Berserk, Trog's Hand


You were on level 8 of the Dungeon.
You worshipped Trog.
Trog was pleased with you.
You visited 1 branch of the dungeon, and saw 8 of its levels.
You also visited: Ossuary.

You collected 869 gold pieces.

Inventory:

Hand Weapons
 a - a +0 hand axe (weapon)
 c - a +0 morningstar
Missiles
 d - a boomerang
 k - 18 poisoned darts (quivered)
 A - 2 throwing nets
Armour
 b - a +0 animal skin (worn)
 C - a scarf of invisibility (worn)
Jewellery
 p - an amulet of reflection (around neck)
 r - a ring of ice
 y - an amulet of the acrobat
Wands
 m - a wand of roots (18)
 z - a wand of flame (13)
 D - a wand of paralysis (9)
Scrolls
 e - a scroll of immolation
 f - 2 scrolls of silence {unknown}
 j - 2 scrolls of enchant armour
 t - a scroll of teleportation
 v - 2 scrolls of identify
 w - 3 scrolls of vulnerability {unknown}
 B - 2 scrolls of blinking
 E - a scroll of poison {unknown}
Potions
 g - a potion of might
 h - a potion of resistance
 i - a potion of invisibility
 l - 2 potions of attraction
 n - a potion of ambrosia {unknown}
 o - 2 potions of mutation
 q - a potion of brilliance {unknown}
 s - a potion of degeneration {unknown}
 u - 2 potions of haste {unknown}
 x - 4 potions of cancellation {unknown}


   Skills:
 * Level 10.4 Fighting
 * Level 8.0 Axes
 + Level 1.3 Throwing
 + Level 3.9 Armour
 + Level 5.3 Dodging


You had 8 spell levels left.
You didn't know any spells.
Your spell library contained the following spells:

 Spells                   Type           Power      Damage    Failure   Level
 Sandblast                Erth           0%         2d4       41%         1
 Passwall                 Tmut/Erth      0%         N/A       54%         2
 Scorch                   Fire           0%         2d5       54%         2
 Wereblood                Tmut           0%         N/A       54%         2
 Ignite Poison            Fire/Tmut/Pois 0%         N/A       78%         3
 Stone Arrow              Conj/Erth      0%         3d7       78%         3
 Volatile Blastmotes      Fire/Tloc      0%         2d10      78%         3
 Animate Dead             Necr           0%         N/A       99%         4
 Brom's Barrelling Bould  Conj/Erth      0%         2d3       99%         4
 Sticky Flame             Conj/Fire      0%         2d3       99%         4
 Fireball                 Conj/Fire      0%         3d3       100%        5
 Irradiate                Conj/Tmut      0%         3d11      100%        5
 Haunt                    Necr/Summ      0%         N/A       100%        7
 Ignition                 Fire           0%         3d3       100%        8
 Infestation              Necr           0%         N/A       100%        8


Dungeon Overview and Level Annotations

Branches:
Dungeon (8/15)             Temple (0/1) D:6         Ossuary (visited)
   Lair: D:8-11

Altars:
Fedhas
Hepliaklqana
Makhleb
Sif Muna

Shops:
D:3 (


Innate Abilities, Weirdness & Mutations

You are too large for most types of armour.
You have tough skin. (AC +1)
You have large cloven feet.
You have a pair of small horns on your head.


Message History

The killer bee poisons you! The killer bee barely misses you.
You block the killer bee's attack.
You slash the killer bee! You headbutt the killer bee.
The killer bee is almost dead.
You hit the killer bee.
You feel very sick.
The killer bee stings you! x2; The killer bee stings you. x2
You are more poisoned.
The killer bee poisons you!
You are too injured to fight recklessly!
Your skin crawls.
You feel strong-willed.
You feel very sick. The killer bee stings you.
* * * LOW HITPOINT WARNING * * *
The killer bee closely misses you. The killer bee stings you!
* * * LOW HITPOINT WARNING * * *
The killer bee stings you!
* * * LOW HITPOINT WARNING * * *
Okay, then.
A red film seems to cover your vision as you go berserk!
You feel yourself moving faster!
You feel mighty!
You feel very sick. The killer bee stings you.
* * * LOW HITPOINT WARNING * * *
You are lethally poisoned!
The killer bee poisons you! The killer bee stings you.
* * * LOW HITPOINT WARNING * * *
You are more poisoned.
The killer bee poisons you! The killer bee stings you.
* * * LOW HITPOINT WARNING * * *
You are more poisoned.
The killer bee poisons you! The killer bee barely misses you.
You slash the killer bee!
You kill the killer bee!
Trog accepts your kill.
You slash the killer bee!
You kill the killer bee!
Trog accepts your kill.
You die...

#...#####.##
##..# #...>##
##..###.....#
###.........###
........##....#
##......#....##
#....#.#..###
##...#....#
#..##..†@.#
#.......††.#
#.........##
.#......#
#....### .....#
#.... .....


There were no monsters in sight!

Vanquished Creatures
  4 water moccasins
  A sky beast (D:6)
  3 ogres
  4 bullfrogs
  A gnoll sergeant (D:6)
  5 scorpions
  9 killer bees
  An electric eel (D:7)
  A human zombie (Ossuary)
  5 hounds
  3 orc priests
  2 jellies (D:6)
  An iguana (D:5)
  A sleepcap (D:4)
  Terence (D:2)
  Ijyb (D:4)
  5 orc wizards
  2 mummies (Ossuary)
  5 gnolls (D:6)
  10 adders
  A shadow imp (D:5)
  2 white imps
  4 ufetubi
  A worm (D:2)
  2 dart slugs
  20 orcs
  9 endoplasms
  4 giant cockroaches
  6 gnoll zombies (Ossuary)
  7 goblins
  7 hobgoblins
  A jackal (D:4)
  7 kobolds
  3 quokkas
  6 ball pythons
  4 bats
  3 frilled lizards
  3 goblin zombies (Ossuary)
  4 orc zombies (Ossuary)
  4 rats
163 creatures vanquished.

Notes
Turn   | Place    | Note
-------+----------+-------------------------------------------
     0 | D:1      | arthad the Ogre Berserker began the quest for the Orb.
     0 | D:1      | Reached XP level 1. HP: 24/24 MP: 1/1
   449 | D:1      | Reached XP level 2. HP: 32/32 MP: 2/2
  1025 | D:2      | Noticed Terence
  1043 | D:2      | Reached XP level 3. HP: 8/40 MP: 3/3
  1044 | D:2      | Killed Terence
  1275 | D:2      | Reached XP level 4. HP: 41/49 MP: 4/4
  1448 | D:2      | Reached skill level 5 in Fighting
  1798 | D:2      | Reached skill level 1 in Armour
  2342 | D:3      | Reached XP level 5. HP: 45/57 MP: 5/5
  2499 | D:3      | Reached ** piety under Trog
  2882 | D:3      | Found Rub Bats's Weapon Boutique.
  2949 | D:4      | Noticed Ijyb
  3055 | D:4      | Killed Ijyb
  3492 | D:5      | Entered Level 5 of the Dungeon
  3541 | D:5      | HP: 2/59 [scorpion (4)]
  3545 | D:5      | Reached skill level 6 in Fighting
  3545 | D:5      | Reached XP level 6. HP: 3/67 MP: 6/6
  3546 | D:5      | HP: 3/100 [poisoned by a scorpion]
  3730 | D:5      | Got an antique book
  3763 | D:5      | Noticed a water moccasin
  3770 | D:5      | Killed a water moccasin
  3876 | D:5      | Reached skill level 5 in Axes
  4016 | D:5      | Reached XP level 7. HP: 74/76 MP: 7/7
  4124 | D:5      | Reached skill level 7 in Fighting
  4813 | D:6      | Reached XP level 8. HP: 54/88 MP: 8/8
  4814 | D:6      | Found a sand-covered staircase.
  4913 | Ossuary  | Entered an ossuary
  5061 | Ossuary  | Reached skill level 8 in Fighting
  5252 | D:6      | Found a hazy altar of Hepliaklqana.
  5372 | D:6      | Found a staircase to the Ecumenical Temple.
  5421 | D:6      | Found a blossoming altar of Fedhas.
  5596 | D:6      | Found a shimmering blue altar of Sif Muna.
  5722 | D:6      | Found a burning altar of Makhleb.
  5831 | D:6      | Reached skill level 9 in Fighting
  6091 | D:6      | Reached XP level 9. HP: 73/100 MP: 9/9
  6391 | D:6      | Reached skill level 5 in Dodging
  6986 | D:7      | Reached skill level 10 in Fighting
  6989 | D:7      | Gained mutation: You have a pair of small horns on your
                  | head. [potion of mutation]
  6989 | D:7      | Gained mutation: You have large cloven feet. [potion of
                  | mutation]
  7009 | D:7      | HP: 4/101 [something/puff of flame (10)]
  7841 | D:7      | Reached skill level 1 in Throwing
  8321 | D:8      | HP: 7/153 [killer bee (3)]
  8321 | D:8      | HP: 2/153 [killer bee (2)]
  8322 | D:8      | Succumbed to a killer bee's poison

Illustrated notes

Levels and vault maps discovered:
D:1:      spicycebolla_green_bress_n_ham, layout_loops_cross,
          hangedman_glass_teeth, chequers_serial_rivers_large_a
D:2:      layout_loops_ring, uniq_terence
D:3:      layout_basic, serial_shops, nicolae_shop_crystal
D:4:      layout_rooms, minmay_distorted, uniq_ijyb
D:5:      layout_rooms, minmay_misc_feat_enclosed,
          minmay_misc_feat_more_columns, grunt_decor_arrowhead
D:6:      layout_cave_pools, amcnicky_altar_gilded, general_overflow_altar,
          grunt_temple_overflow_open, minmay_temple_entry_proselytizer,
          lightli_ossuary_entry_decrepit_ruins, corexii_item_surrounded_by_moat,
          minmay_tree_intersection, minmay_joined_circles
D:7:      layout_basic, kennysheep_flooded_box
D:8:      minmay_gate_of_8, layout_cave_pools, erik_lair_island,
          minmay_stone_trees_medium, uniq_amaemon

Skill      XL: |  1  2  3  4  5  6  7  8  9 |
---------------+----------------------------+-----
Dodging        | 3 4 5 |  5.3
Fighting       | 5 6 7 9 10 | 10.4
Armour         | 1 2 3 |  3.9
Axes           | 4 5 7 8 |  8.0
Throwing       | 1 |  1.3

Action                     |  1- 3 |  4- 6 |  7- 9 || total
---------------------------+-------+-------+-------++-------
  Melee: Hand axe          |    81 |   236 |   389 ||   706
         Punch             |       |     3 |     5 ||     8
         Headbutt          |       |       |     8 ||     8
         Kick              |       |       |     5 ||     5
  Throw: Dart              |       |     3 |    29 ||    32
 Invoke: Berserk           |     1 |     4 |     6 ||    11
         Trog's Hand       |       |     2 |     5 ||     7
  Evoke: Wand              |       |     4 |     2 ||     6
    Use: Potion            |       |     3 |     5 ||     8
         Scroll            |       |       |     9 ||     9
   Stab: Sleeping          |       |     1 |       ||     1
 Armour: Animal skin       |    54 |   162 |   293 ||   509
  Dodge: Dodged            |    37 |   129 |   204 ||   370
  Block: Other             |       |    13 |    85 ||    98
         Reflection        |       |     1 |       ||     1

Table legend: (Time is in decaauts)
 A = Elapsed time spent in this place.
 B = Non-inter-level travel time spent in this place.
 C = Inter-level travel time spent in this place.
 D = Time resting spent in this place.
 E = Time spent auto-exploring this place.
 F = Levels seen in this place.
 G = Mean time per level.
                   A        B        C        D        E       F      G
               +--------+--------+--------+--------+--------+-----+--------+
         Total |   8426 |   8172 |    254 |    586 |   6223 |   9 |  936.2 |
       Dungeon |   8121 |   7867 |    254 |    586 |   6023 |   8 | 1015.1 |
       Ossuary |    305 |    305 |      0 |      0 |    200 |   1 |  305.0 |
               +--------+--------+--------+--------+--------+-----+--------+

Top non-repeatable levels by time:
     D:6: 2095 daAuts
     D:5: 1308 daAuts
     D:2: 1224 daAuts
     D:7: 1041 daAuts
     D:3: 1017 daAuts
     D:1: 847 daAuts
     D:4: 458 daAuts
 Ossuary: 305 daAuts
     D:8: 129 daAuts
